 Dungeon Crawl Stone Soup version 0.30.0-29-ga12c61a403 (webtiles) character file.

Game seed: 600265615102946554

69 booth the Conjurer (level 4, -9/35 HPs)
             Began as a Demonspawn Reaver on June 16, 2023.
             Mangled by an ogre
             ... wielding a +0 giant club
              (16 damage)
             ... on level 3 of the Dungeon.
             The game lasted 00:12:46 (1824 turns).

booth the Conjurer (Demonspawn Reaver)              Turns: 1824, Time: 00:12:47

Health: -9/35      AC:  5    Str: 14    XL:     4   Next: 2%
Magic:  15/16      EV: 11    Int: 14    God:
Gold:   54         SH:  3    Dex: 12    Spells: 2/8 levels left

rFire   . . .        a - +0 hand axe
rCold   . . .        i - +0 buckler
rNeg    . . .        b - +0 leather armour
rPois   .            (no helmet)
rElec   .            (no cloak)
rCorr   .            (no gloves)
SInv    .            (no boots)
Will    .....        (no amulet)
Stlth   +            h - ring of magical power
HPRegen 0.25/turn    (no ring)
MPRegen 0.15/turn

%: no passive effects
@: no status effects
A: claws 1, rugged brown scales 2
a: no special abilities


You were on level 3 of the Dungeon.
You visited 1 branch of the dungeon, and saw 3 of its levels.

You collected 54 gold pieces.

Inventory:

Hand Weapons
 a - a +0 hand axe (weapon)
Missiles
 n - 2 silver javelins (quivered)
Armour
 b - a +0 leather armour (worn)
 i - a +0 buckler (worn)
Jewellery
 h - a ring of magical power (left claw)
Scrolls
 d - a scroll of enchant armour {unknown}
 g - a scroll of teleportation
 m - a scroll of poison {unknown}
Potions
 c - 2 potions of mutation
 f - a potion of berserk rage
 k - a potion of might
 l - a potion of lignification {unknown}
 o - a potion of heal wounds {unknown}


   Skills:
 + Level 2.5 Fighting
 + Level 3.1 Axes
 + Level 2.3 Dodging
 + Level 2.5 Spellcasting
 + Level 3.4 Conjurations


You had 2 spell levels left.
You knew the following spells:

 Your Spells              Type           Power      Damage    Failure   Level
a - Kiss of Death         Conj/Necr      24%        2d7       19%         1
b - Momentum Strike       Conj/Tloc      12%        3d8       28%         2
c - Hailstorm             Conj/Ice       6%         3d4       50%         3

Your spell library contained the following spells:

 Spells                   Type           Power      Damage    Failure   Level
 Poisonous Vapours        Pois/Air       2%         N/A       52%         2
 Mephitic Cloud           Conj/Pois/Air  5%         N/A       58%         3
 Vhi's Electric Charge    Tloc/Air       2%         N/A       75%         3
 Arcjolt                  Conj/Air       3%         1d13      99%         5
 Freezing Cloud           Conj/Ice/Air   2%         6-21      100%        5
 Plasma Beam              Fire/Air       0%         2x1d11    100%        6


Dungeon Overview and Level Annotations

Branches:
Dungeon (3/15)

Altars:


Innate Abilities, Weirdness & Mutations

You have sharp fingernails.
You are mostly covered in rugged brown scales. (AC +2, +5% HP)


Message History

The ogre shouts!
Throw: 2 darts (poison)
Press: ? - help, Q - select action, (/) - cycle Shift-Dir - straight line, f - ogre
Aim: an ogre, wielding a +0 giant club (73% to hit)
You throw a poisoned dart.
The poisoned dart closely misses the ogre.
Throw: dart (poison)
Press: ? - help, Q - select action, (/) - cycle Shift-Dir - straight line, f/p - ogre
Aim: an ogre, wielding a +0 giant club (73% to hit)
Okay, then.
Cast which spell? (? or * to list)
Aiming: Momentum Strike (dangerous; 28% risk of failure)
Press: ? - help, Dir - move target, f/p - ogre
Aim: an ogre, wielding a +0 giant club (85% to hit)
The concentrated momentum hits the ogre!
The ogre is moderately wounded.
You are unable to move.
Throw: dart (poison)
Press: ? - help, Q - select action, (/) - cycle Shift-Dir - straight line, f/p - ogre
Aim: an ogre, wielding a +0 giant club (moderately wounded, 73% to hit)
You throw a poisoned dart.
The poisoned dart barely misses the ogre.
You hit the ogre.
The ogre is heavily wounded.
The ogre misses you.
You hit the ogre but do no damage.
The ogre is heavily wounded.
The ogre hits you with a +0 giant club!
You hit the ogre but do no damage.
The ogre is heavily wounded.
You barely miss the ogre.
The ogre is heavily wounded.
You are no longer robbed of momentum.
The ogre hits you with a +0 giant club!!
Ouch! That really hurt!
* * * LOW HITPOINT WARNING * * *
You barely miss the ogre.
The ogre is heavily wounded.
The ogre hits you with a +0 giant club!
You die...

################ .......
#..............### .......
#................# .O.....
#..............#@# .......
#..............#O# ...[...
#....###+####.##.# ...$...
#....###.####.##.###.......
..........?.....((...>#
#...###....#####+####.#
#...# .. .. #..... . ##
#.......


You could see an ogre.

Vanquished Creatures
  An adder (D:2)
  5 worms
  3 endoplasms
  2 giant cockroaches
  4 goblins
  4 hobgoblins
  2 jackals (D:1)
  3 kobolds
  2 quokkas (D:1)
  6 ball pythons
  7 frilled lizards
  5 rats
44 creatures vanquished.

Notes
Turn   | Place    | Note
-------+----------+-------------------------------------------
     0 | D:1      | booth the Demonspawn Reaver began the quest for the Orb.
     0 | D:1      | Reached XP level 1. HP: 16/16 MP: 3/3
   254 | D:1      | Gained mutation: You have sharp fingernails. [demonic
                  | ancestry]
   254 | D:1      | Reached XP level 2. HP: 18/22 MP: 5/5
   257 | D:1      | Learned a level 2 spell: Momentum Strike
   642 | D:1      | Gained mutation: You are partially covered in rugged brown
                  | scales. (AC +1, +3% HP) [demonic ancestry]
   642 | D:1      | Reached XP level 3. HP: 20/28 MP: 6/6
   646 | D:1      | Learned a level 3 spell: Hailstorm
  1657 | D:3      | Gained mutation: You are mostly covered in rugged brown
                  | scales. (AC +2, +5% HP) [demonic ancestry]
  1657 | D:3      | Reached XP level 4. HP: 8/35 MP: 7/7
  1809 | D:3      | Noticed an ogre
  1824 | D:3      | Mangled by an ogre

Illustrated notes

Levels and vault maps discovered:
D:1:      arrival_zaba_pyramid, layout_basic
D:2:      layout_rooms
D:3:      layout_basic, nicolae_figureground_pulse, uniq_grinder

Skill      XL: |  1  2  3 |
---------------+----------+-----
Dodging        | 2 |  2.3
Axes           | 3 |  3.1
Fighting       | |  2.5
Spellcasting   | |  2.5
Conjurations   | |  3.4

Action                     |  1- 3 |  4- 6 || total
---------------------------+-------+-------++-------
  Melee: Hand axe          |   212 |     9 ||   221
         Punch             |     1 |       ||     1
  Throw: Dart              |     2 |     2 ||     4
   Cast: Momentum Strike   |       |     1 ||     1
    Use: Scroll            |     5 |     1 ||     6
         Potion            |     1 |       ||     1
 Armour: Leather armour    |    47 |     2 ||    49
  Dodge: Dodged            |   102 |     3 ||   105
  Block: Buckler           |     8 |       ||     8
